 Dungeon Crawl Stone Soup version 0.26-a0-540-g8a0c9464d7 (webtiles) character file.

Game seed: 9999044457719562812

4900 Vruhakk the Blocker (level 10, -12/56 HPs)
             Began as a Gargoyle Fighter on Aug 15, 2020.
             Was an Initiate of Gozag.
             Killed from afar by Joseph (27 damage)
             ... with a bolt of acid
             ... on level 8 of the Dungeon.
             The game lasted 00:10:29 (6933 turns).

Vruhakk the Blocker (Gargoyle Fighter)              Turns: 6933, Time: 00:10:30

Health: -12/56     AC: 11    Str: 23    XL:     10   Next: 51%
Magic:  10/10      EV: 10    Int:  9    God:    Gozag
Gold:   1080       SH: 13    Dex: 15    Spells: 9/9 levels left

rFire    + . .     SeeInvis +   o - +1 hand axe (flame)
rCold    . . .     Faith    .   c - +0 kite shield
rNeg     + + .     Spirit   .   G - +2 ring mail {rF+}
rPois    ∞         Reflect  .   h - -1 helmet
rElec    +         Harm     .   (no cloak)
rCorr    .                      (no gloves)
MR       .....                  (no boots)
Stlth    +.........             q - amulet of regeneration
HPRegen  0.58/turn              e - ring of see invisible
MPRegen  0.12/turn              D - ring "Witoocer" {rN+ Dex+6}

@: corroded
A: negative energy resistance 1, electricity resistance, unbreathing,
petrification resistance, rot immunity, AC +7
a: Potion Petition, Call Merchant, Bribe Branch, Renounce Religion


You were on level 8 of the Dungeon.
You worshipped Gozag.
Gozag was most pleased with you.
You visited 2 branches of the dungeon, and saw 9 of its levels.

You collected 1163 gold pieces.
You paid 83 gold pieces to Gozag.

Inventory:

Hand Weapons
 a - a +0 long sword
 o - a +1 hand axe of flaming (weapon)
 H - a +6 vorpal great sword
Armour
 b - a +0 scale mail
 c - a +0 kite shield (worn)
 h - a -1 helmet (worn)
 k - a +2 ring mail of cold resistance
 G - a +2 ring mail of fire resistance (worn)
Jewellery
 e - a ring of see invisible (left hand)
 q - an amulet of regeneration (around neck)
 u - an uncursed ring of positive energy
 D - the ring "Witoocer" (right hand) {rN+ Dex+6}
   (You found it on level 6 of the Dungeon)

   [ring of dexterity]

   It affects your dexterity (+6).
   It protects you from negative energy.
 I - a +6 ring of strength
Wands
 v - a wand of iceblast (7)
 C - a wand of flame (13)
 L - a wand of random effects (23)
Scrolls
 f - 5 scrolls of teleportation
 g - 8 scrolls of identify
 j - 5 scrolls of remove curse
 n - 2 scrolls of random uselessness
 s - 2 scrolls of immolation
 t - 2 scrolls of enchant armour
 y - 2 scrolls of fog {unknown}
 z - a scroll of summoning {unknown}
 A - a scroll of magic mapping {unknown}
 E - 2 scrolls of blinking {unknown}
 K - a scroll of fear {unknown}
Potions
 d - 2 potions of lignification {unknown}
 i - 6 potions of haste {unknown}
 l - 5 potions of curing {unknown}
 m - 3 potions of heal wounds {unknown}
 p - a potion of invisibility {unknown}
 r - 2 potions of cancellation {unknown}
 w - a potion of might
 x - 2 potions of degeneration {unknown}
 B - a potion of berserk rage {unknown}
 F - a potion of mutation {unknown}
 J - a potion of stabbing {unknown}


   Skills:
 - Level 3.2 Fighting
 - Level 2.6 Long Blades
 + Level 9.6 Axes
 - Level 3.2 Armour
 + Level 11.9 Shields


You had 9 spell levels left.
You didn't know any spells.
Your spell library contained the following spells:

 Spells                   Type           Power        Failure   Level
 Beastly Appendage        Tmut           #.....       67%         1
 Corpse Rot               Necr/Air       N/A          80%         2
 Passwall                 Tmut/Erth      #.......     80%         2
 Poisonous Vapours        Pois/Air       #.....       80%         2
 Swiftness                Air            #.......     80%         2
 Wereblood                Tmut           #.......     80%         2
 Spider Form              Tmut/Pois      #.........   95%         3
 Ice Form                 Ice/Tmut       #.......     100%        4
 Blade Hands              Tmut           #.........   100%        5


Dungeon Overview and Level Annotations

Branches:
Dungeon (8/15)             Temple (1/1) D:4
   Lair: D:8-11

Altars:
Ashenzari
Cheibriados
Dithmenos
Elyvilon
Fedhas
Gozag
Hepliaklqana
Kikubaaqudgha
Makhleb
Nemelex Xobeh
Okawaru
Qazlal
Ru
Sif Muna
Trog
Uskayaw
Vehumet
Wu Jian
Xom
Yredelemnul
Zin
The Shining One

Shops:
D:5 :

Annotations:
D:8 Joseph


Innate Abilities, Weirdness & Mutations

You are resistant to torment.
Your stone body is resilient. (AC +7)
You are immune to poison.
You resist negative energy. (rN+)
You are resistant to electric shocks. (rElec)
You can survive without breathing.
You are immune to petrification.
You are immune to rotting.


Message History

You block Joseph's attack.
You barely miss Joseph.
Joseph is severely wounded.
Joseph closely misses you.
You slash Joseph! You burn Joseph.
Joseph is almost dead.
Joseph zaps a wand.
The bolt of acid hits you! The acid corrodes you!
You are splashed with acid!
* * * LOW HITPOINT WARNING * * *
You are too injured to fight recklessly!
You completely miss Joseph.
Joseph is almost dead.
Your ring mail prevents you from hitting Joseph.
Joseph is almost dead.
You block Joseph's attack.
You closely miss Joseph.
Joseph is almost dead.
Joseph zaps a wand.
The bolt of acid hits you!!
You die...
Your body crumbles into a pile of gold.

#...... .# ##........#
.##..........
............ ##
........... #.
#.......... ..#
#####.......<..
...#######...(........^#
...........####.@@.....#
##..##########..........
##.........##..........
####..................
#...................
#.........>.........
#####................<.#
......................##
#####.>..............


You could see Joseph.

Vanquished Creatures
  Pikel (D:8)
  An ugly thing (D:7)
  Prince Ribbit (D:7)
  A hippogriff (D:7)
  Sigmund (D:3)
  A wraith (D:7)
  Edmund (D:5)
  2 water moccasins
  3 sky beasts
  A phantom (D:7)
  3 orc warriors
  A black bear (D:6)
  2 ogres
  An eye of draining (D:7)
  A centaur (D:7)
  2 lemures (D:8)
  A big kobold (D:7)
  Blork the orc (D:5)
  5 bullfrogs
  4 scorpions
  4 killer bees (D:7)
  3 wights (D:7)
  A howler monkey (D:4)
  7 hounds
  3 jellies (D:7)
  A centaur zombie (D:7)
  3 orc wizards
  A centaur skeleton (D:4)
  2 bullfrog skeletons
  A gnoll shaman (D:8)
  2 iguanas (D:7)
  5 worker ants
  A hound skeleton (D:7)
  2 worker ant zombies
  7 gnolls
  10 adders
  A howler monkey skeleton (D:6)
  A shadow imp (D:5)
  A white imp (D:5)
  2 ufetubi
  An ooze (D:3)
  2 worms (D:4)
  4 dart slugs
  3 leopard geckos
  15 orcs
  3 giant cockroaches
  2 goblins
  7 hobgoblins
  10 jackals
  4 kobolds
  2 quokkas
  5 bats
  3 frilled lizards
  A leopard gecko skeleton (D:8)
  2 quokka skeletons
  8 rats
164 creatures vanquished.

Notes
Turn   | Place    | Note
-------+----------+-------------------------------------------
     0 | D:1      | Vruhakk the Gargoyle Fighter began the quest for the Orb.
     0 | D:1      | Reached XP level 1. HP: 14/14 MP: 1/1
   363 | D:1      | Reached XP level 2. HP: 18/19 MP: 2/2
   973 | D:2      | Reached XP level 3. HP: 23/23 MP: 3/3
  1130 | D:2      | Reached skill level 4 in Shields
  1715 | D:3      | Noticed Sigmund
  1725 | D:3      | Killed Sigmund
  1725 | D:3      | Reached skill level 5 in Shields
  1725 | D:3      | Reached XP level 4. HP: 28/28 MP: 4/4
  1725 | D:3      | Reached XP level 5. HP: 32/32 MP: 5/5
  1745 | D:3      | Reached XP level 6. HP: 37/37 MP: 6/6
  2183 | D:4      | Found a staircase to the Ecumenical Temple.
  2200 | D:4      | Reached skill level 6 in Shields
  2206 | D:4      | Reached XP level 7. HP: 12/41 MP: 7/7
  2214 | Temple   | Entered the Ecumenical Temple
  2509 | Temple   | Became a worshipper of Gozag Ym Sagoz the Greedy
  2992 | D:4      | Reached skill level 7 in Shields
  3370 | D:5      | Entered Level 5 of the Dungeon
  3425 | D:5      | Reached skill level 5 in Axes
  3438 | D:5      | Found a radiant altar of Vehumet.
  3457 | D:5      | Reached XP level 8. HP: 46/46 MP: 8/8
  3458 | D:5      | Found a stormy altar of Qazlal.
  3458 | D:5      | Found a sacrificial altar of Ru.
  3472 | D:5      | Found a burning altar of Makhleb.
  3473 | D:5      | Found a sparkling altar of Nemelex Xobeh.
  3593 | D:5      | Noticed Blork the orc
  3594 | D:5      | Found Riathret's Book Shoppe.
  3608 | D:5      | Killed Blork the orc
  3768 | D:5      | Noticed Edmund
  3794 | D:5      | Killed Edmund
  3794 | D:5      | Reached skill level 8 in Shields
  4337 | D:6      | Found a shadowy altar of Dithmenos.
  4425 | D:6      | Got a scorched pewter ring
  5209 | D:7      | Reached skill level 9 in Shields
  5214 | D:7      | Identified Witchcraft in Simple Steps
  5235 | D:7      | Reached XP level 9. HP: 39/51 MP: 9/9
  5241 | D:7      | Identified the ring "Witoocer" {rN+ Dex+6} (You found it on
                  | level 6 of the Dungeon)
  5362 | D:7      | Noticed a cyan ugly thing
  5375 | D:7      | Killed a cyan ugly thing
  5375 | D:7      | Reached skill level 10 in Shields
  5827 | D:7      | Reached skill level 11 in Shields
  5839 | D:7      | Reached XP level 10. HP: 50/56 MP: 10/10
  6045 | D:7      | Noticed Prince Ribbit
  6104 | D:7      | Killed Prince Ribbit
  6350 | D:7      | Found a blossoming altar of Fedhas.
  6599 | D:7      | Found a white marble altar of Elyvilon.
  6600 | D:7      | Found a hide-covered altar of Uskayaw.
  6733 | D:8      | Noticed Pikel
  6754 | D:8      | Killed Pikel
  6912 | D:8      | Noticed Joseph
  6933 | D:8      | Killed from afar by Joseph

Illustrated notes

Levels and vault maps discovered:
D:1:      dpeg_arrival_renting, layout_basic, minmay_box_of_dots
D:2:      layout_basic, kennysheep_generic_room_16
D:3:      layout_rooms, uniq_sigmund
D:4:      layout_cave_pods, minmay_temple_entry_statues_pillars
D:5:      layout_basic, grunt_temple_overflow_open, serial_shops, shop_statue,
          uniq_blork_the_orc, uniq_edmund
D:6:      layout_layer_cave, kennysheep_mini_moat
D:7:      layout_cave_pods, gammafunk_temple_overflow_statue,
          nicolae_overflow_crystal_walls, minmay_the_grid_2x2
          [minmay_the_grid_expand, minmay_the_grid_minigrid_small,
          minmay_the_grid_large_cup,
          minmay_the_grid_prize_four_corners_diamond_a], uniq_prince_ribbit1
D:8:      layout_rooms, corexii_mini_fake_secret_closet, uniq_joseph, uniq_pikel
Temple:   cyrus_circular_temple

Skill      XL: |  1  2  3  4  5  6  7  8  9 10 |
---------------+-------------------------------+-----
Long Blades    | 2 |  2.6
Shields        | 5 6 7 9 11 | 11.9
Axes           | 2 3 5 6 8 9 |  9.6
Fighting       | |  3.2
Armour         | |  3.2

Action                   |  1- 3 |  4- 6 |  7- 9 | 10-12 || total
-------------------------+-------+-------+-------+-------++-------
Melee: Long sword        |    54 |       |       |       ||    54
       Hand axe          |    23 |    79 |   412 |   176 ||   690
Invok: Potion Petition   |       |       |     1 |       ||     1
  Use: Potion            |     1 |       |       |     1 ||     2
       Scroll            |       |       |     8 |       ||     8
Armor: Scale mail        |    16 |       |       |       ||    16
       Ring mail         |    23 |    27 |   176 |    59 ||   285
Dodge: Dodged            |    21 |    22 |   137 |    47 ||   227
Block: Kite shield       |    38 |    39 |   249 |    77 ||   403
       Rpst.: Long sword |     5 |       |       |       ||     5

Table legend: (Time is in decaauts)
 A = Elapsed time spent in this place.
 B = Non-inter-level travel time spent in this place.
 C = Inter-level travel time spent in this place.
 D = Time resting spent in this place.
 E = Time spent auto-exploring this place.
 F = Levels seen in this place.
 G = Mean time per level.
                   A        B        C        D        E       F      G
               +--------+--------+--------+--------+--------+-----+--------+
         Total |   6953 |   6568 |    385 |     86 |   5050 |   9 |  772.6 |
       Dungeon |   6646 |   6272 |    374 |     86 |   4835 |   8 |  830.8 |
        Temple |    307 |    296 |     11 |      0 |    215 |   1 |  307.0 |
               +--------+--------+--------+--------+--------+-----+--------+

Top non-repeatable levels by time:
     D:7: 1442 daAuts
     D:6: 1133 daAuts
     D:4: 953 daAuts
     D:2: 880 daAuts
     D:1: 857 daAuts
     D:5: 765 daAuts
     D:3: 419 daAuts
  Temple: 307 daAuts
     D:8: 193 daAuts
